 Dungeon Crawl Stone Soup version 0.18.1-8-gdd0e5ea (webtiles) character file.

1023 Jerry the Twirler (level 7, -1/60 HPs)
             Began as a Demigod Gladiator on May 27, 2016.
             Slain by a slave (5 damage)
             ... led by Pikel
             ... on level 5 of the Dungeon.
             The game lasted 00:12:04 (4753 turns).

Jerry the Twirler (Demigod Gladiator)               Turns: 4753, Time: 00:12:06

Health: -1/60      AC: 13    Str: 22    XL:     7   Next: 71%
Magic:  20/20      EV:  7    Int: 12    God:
Gold:   286        SH:  0    Dex: 16    Spells: 0 memorised, 6 levels left

rFire  . . .     SeeInvis .     g - +2 dagger (venom)
rCold  . . .     Gourm    .     p - +0 plate armour
rNeg   . . .     Faith    .     (no shield)
rPois  .         Spirit   .     c - +0 helmet
rElec  .         Dismiss  .     (no cloak)
rCorr  +         Reflect  .     (no gloves)
SustAt +         Harm     .     (no boots)
MR     .....                    (no amulet)
Stlth  ..........               l - ring of resist corrosion (curse)
                                B - ring of magical power

@: not resistant to hostile enchantments, extremely unstealthy
A: high mp 1, sustain attributes
a: no special abilities


You were on level 5 of the Dungeon.
You were not hungry.

You visited 1 branch of the dungeon, and saw 5 of its levels.

You collected 286 gold pieces.

Inventory:

Hand Weapons
 a - a +0 quarterstaff
 g - a +2 dagger of venom (weapon)
Missiles
 d - a throwing net (quivered)
Armour
 b - a +0 leather armour
 c - a +0 helmet (worn)
 p - a +0 plate armour (worn)
Magical Staves
 z - an uncursed staff of earth
Jewellery
 l - a cursed ring of resist corrosion (right hand)
 t - an uncursed ring of flight
 B - a ring of magical power (left hand)
Wands
 e - a wand of digging (8/24)
Scrolls
 o - a scroll of recharging {unknown}
 r - 4 scrolls of magic mapping {unknown}
 v - 2 scrolls of teleportation {unknown}
 w - a scroll of fog {unknown}
 x - a scroll of noise {unknown}
 y - a scroll of amnesia {unknown}
Potions
 h - a potion of might
 i - a potion of curing
 j - 2 potions of degeneration
 k - 2 potions of mutation {unknown}
 m - 2 potions of haste {unknown}
 q - 4 potions of heal wounds
 u - a potion of flight {unknown}
Comestibles
 f - 4 bread rations
 n - 2 meat rations
 s - 8 fruits
 A - a chunk of flesh


   Skills:
 + Level 4.9 Fighting
 + Level 5.3 Staves
 - Level 1.7 Throwing
 + Level 4.5 Armour
 - Level 2.6 Dodging
 + Level 2.1 Evocations


You had 6 spell levels left.
You didn't know any spells.

Dungeon Overview and Level Annotations

Branches:
Dungeon (5/15)             Temple (0/1) D:4

Annotations:
D:5 Pikel


Innate Abilities, Weirdness & Mutations

You have an increased reservoir of magic (+10% MP).
Your attributes are resistant to harm.


Message History

You resist. The slave hits you. The slave hits you but does no damage.
The slave barely misses you. x2
You closely miss Pikel.
Pikel is heavily wounded.
Pikel hits you but does no damage.
The slave hits you but does no damage. x2
The slave barely misses you. The slave hits you.
Your plate armour prevents you from hitting Pikel.
Pikel is severely wounded.
Pikel barely misses you. The slave hits you but does no damage.
The slave hits you.
* * * LOW HITPOINT WARNING * * *
The slave hits you but does no damage. The slave barely misses you.
You hit Pikel but do no damage.
Pikel is severely wounded.
Pikel zaps a wand.
The bolt of acid hits you! You resist.
* * * LOW HITPOINT WARNING * * *
The acid burns!
You resist.
* * * LOW HITPOINT WARNING * * *
The slave hits you.
You die...

...##...# .#####.... ## #... #
#..... #....# #....#
#....###### .#
#........p###...#
#.......p@pW....# #
#........pK.....# #
##.......###....## ##
##.......## #####
.#####........##
...............## #######
........####....######.....###
..)..#### ##................#
###### ###...........####


You could see Pikel, a phantom and 4 slaves.

Vanquished Creatures
  The ghost of Raiden350 the Chiller, an amateur DEIE (D:4)
  A sky beast (D:5)
  An ice beast (D:5)
  A centaur (D:5)
  2 killer bees (D:5)
  2 hounds (D:5)
  2 orc priests (D:3)
  A giant frog skeleton (D:4)
  An iguana (D:5)
  3 worker ants
  6 gnolls
  A howler monkey skeleton (D:4)
  12 adders
  2 oozes
  3 worms
  5 dart slugs
  2 giant geckos
  2 orcs (D:3)
  5 giant cockroaches
  4 goblins
  5 hobgoblins
  10 jackals
  4 kobolds
  2 quokkas
  5 ball pythons
  A ball python skeleton (D:4)
  4 bats
  A giant gecko skeleton (D:4)
  4 giant newts
  6 rats
99 creatures vanquished.

Notes
Turn   | Place    | Note
--------------------------------------------------------------
     0 | D:1      | Jerry the Demigod Gladiator began the quest for the Orb.
     0 | D:1      | Reached XP level 1. HP: 17/17 MP: 3/3
   194 | D:1      | Reached skill level 3 in Staves
   206 | D:1      | Reached XP level 2. HP: 21/24 MP: 4/4
   724 | D:1      | Reached skill level 1 in Armour
   983 | D:2      | Reached XP level 3. HP: 30/30 MP: 5/5
  1398 | D:2      | Found an ancient bone altar of Kikubaaqudgha.
  1496 | D:3      | Reached XP level 4. HP: 37/37 MP: 6/6
  1677 | D:3      | Reached XP level 5. HP: 28/45 MP: 7/7
  2090 | D:3      | Reached skill level 4 in Staves
  2978 | D:4      | Reached XP level 6. HP: 47/52 MP: 8/8
  3010 | D:4      | Found a staircase to the Ecumenical Temple.
  3280 | D:4      | Noticed Raiden350's ghost (amateur DEIE)
  3295 | D:4      | Killed Raiden350's ghost
  3571 | D:5      | Entered Level 5 of the Dungeon
  3714 | D:5      | Reached XP level 7. HP: 30/60 MP: 8/10
  3949 | D:5      | Reached skill level 1 in Evocations
  4012 | D:5      | Reached skill level 5 in Staves
  4737 | D:5      | Noticed Pikel
  4753 | D:5      | Slain by a slave

Skill      XL: |  1  2  3  4  5  6  7 |
---------------+----------------------+-----
Fighting       | 2 3 4 |  4.9
Staves         | 3 4 5 |  5.3
Armour         | 1 2 3 4 |  4.5
Evocations     | 2 |  2.1
Throwing       | |  1.7
Dodging        | |  2.6

Action                   |  1- 3 |  4- 6 |  7- 9 || total
-------------------------+-------+-------+-------++-------
Melee: Quarterstaff      |    15 |       |       ||    15
       Dagger            |    91 |   237 |    81 ||   409
Throw: Throwing net      |       |     3 |       ||     3
  Use: Scroll            |     1 |     4 |       ||     5
       Potion            |       |     2 |       ||     2
 Stab: Sleeping          |     1 |       |       ||     1
       Distracted        |     1 |       |       ||     1
       Held in net/web   |       |     1 |       ||     1
  Eat: Chunk             |     2 |     7 |     4 ||    13
Armor: Leather armour    |    25 |       |       ||    25
       Plate armour      |     8 |   174 |    67 ||   249
Dodge: Dodged            |    62 |    85 |    40 ||   187
